 Dungeon Crawl Stone Soup version 0.18-a0-1-gfac8111 (webtiles) character file.

62995 spinkules the Executioner (level 14, -1/113 (114) HPs)
             Began as a Minotaur Berserker on Aug 23, 2015.
             Was a High Priest of Trog.
             Splashed by an oklob plant's acid (11 damage)
             ... on level 5 of the Lair of Beasts on Oct 30, 2015.
             The game lasted 01:45:22 (24286 turns).

spinkules the Executioner (Minotaur Berserker)     Turns: 24286, Time: 01:45:23

HP:   -1/113 (114)  AC:  4    Str: 23    XL:     14   Next: 66%
MP:   13/13         EV: 10    Int:  8    God:    Trog [*****.]
Gold: 1274          SH:  0    Dex: 12    Spells: 0 memorised, 13 levels left

rFire  . . .     SeeInvis .     Q - +8 war axe "Dragonbane" {drain, Int+4 Dex-2}
rCold  . . .     Clarity  .     Z - +0 plate armour
rNeg   . . .     SustAt   .     (no shield)
rPois  +         Gourm    +     (helmet restricted)
rElec  .         Spirit   .     s - +0 cloak
rCorr  .         Warding  .     m - +1 pair of gloves
rMut   .         Stasis   .     (no boots)
MR     ++...                    a - amulet of the gourmand
Stlth  ..........               N - ring of poison resistance
                                x - ring of protection from magic

@: corroded equipment, very resistant to hostile enchantments, extremely
unstealthy
A: retaliatory headbutt, horns 2, repulsion field 1
a: Berserk, Trog's Hand, Brothers in Arms, Burn Spellbooks, Renounce Religion


You were on level 5 of the Lair of Beasts.
You worshipped Trog.
Trog was extremely pleased with you.
You were very full.

You visited 2 branches of the dungeon, and saw 18 of its levels.
You also visited: Sewer.

You collected 1310 gold pieces.
You spent 36 gold pieces at shops.

Inventory:

Hand Weapons
 h - a +3 antimagic dire flail
 G - a +4 battleaxe of venom
 M - a +5 executioner's axe of freezing
 Q - the +8 war axe "Dragonbane" (weapon) {drain, Int+4 Dex-2}
   (You found it on level 6 of the Lair of Beasts)

   A truly terrible weapon, it drains the life of those it strikes.
   It affects your intelligence (+4).
   It affects your dexterity (-2).
 X - a +2 antimagic hand axe
Armour
 m - a +1 pair of gloves (worn)
 s - a +0 cloak (worn)
 Z - a +0 plate armour (worn)
Jewellery
 a - an amulet of the gourmand (around neck)
 e - an uncursed ring of protection from cold {unknown}
 q - a +1 ring of protection
 u - the ring "Zachenon" {Wiz MR+, unknown}
   (You found it on level 8 of the Lair of Beasts)

   [ring of wizardry]

   It improves your spell success rate.
   It affects your resistance to hostile enchantments.
 x - a ring of protection from magic (left hand)
 N - a ring of poison resistance (right hand)
 S - an uncursed ring of see invisible
Wands
 n - a wand of fireball (4)
 p - a wand of disintegration (12)
 H - a wand of confusion (10)
 Y - a wand of digging (12)
Scrolls
 g - 3 scrolls of enchant armour
 i - 10 scrolls of recharging
 l - a scroll of fear
 o - 2 scrolls of immolation
 r - 2 scrolls of blinking
 v - 3 scrolls of teleportation
 w - 8 scrolls of enchant weapon
 y - 7 scrolls of remove curse
 D - 5 scrolls of magic mapping
 U - 2 scrolls of holy word {unknown}
 V - a scroll of silence {unknown}
Potions
 j - 2 potions of cancellation
 t - 10 potions of curing
 B - 7 potions of heal wounds
 C - 2 potions of might
 E - 4 potions of flight
 F - 3 potions of haste
 K - 2 potions of invisibility
 L - 2 potions of agility
 O - 2 potions of ambrosia {unknown}
 R - a potion of cure mutation {unknown}
 T - a potion of lignification
 W - 3 potions of brilliance
Books
 b - a book of the Dragon

   Spells                             Type                      Level
   a - Flame Tongue                   Conjuration/Fire             1
   b - Cause Fear                     Hexes                        4
   c - Bolt of Fire                   Conjuration/Fire             6
   d - Dragon Form                    Transmutation                7
   e - Dragon's Call                  Summoning                    9
   Trog disapproves of the use of such an item.
 z - a book of Power

   Spells                             Type                      Level
   a - Fulminant Prism                Conjuration/Hexes            4
   b - Iskenderun's Mystic Blast      Conjuration                  4
   c - Venom Bolt                     Conjuration/Poison           5
   d - Bolt of Magma                  Conjuration/Fire/Earth       5
   e - Iron Shot                      Conjuration/Earth            6
   f - Orb of Destruction             Conjuration                  7
   g - Spellforged Servitor           Conjuration/Summoning        7
   Trog disapproves of the use of such an item.
 P - a book of Party Tricks

   Spells                             Type                      Level
   a - Summon Butterflies             Summoning                    1
   b - Apportation                    Translocation                1
   c - Tukima's Dance                 Hexes                        3
   d - Alistair's Intoxication        Transmutation/Poison         4
   e - Invisibility                   Hexes                        6
   Trog disapproves of the use of such an item.
Miscellaneous
 d - a lamp of fire
Comestibles
 c - 12 bread rations
 f - 2 slices of pizza
 k - 10 meat rations
 A - 40 fruits
 I - 2 beef jerkies


   Skills:
 - Level 7.6 Fighting
 + Level 24.2 Axes
 - Level 1.0 Throwing
 - Level 13.0 Armour
 - Level 2.1 Dodging


You had 13 spell levels left.
You didn't know any spells.

Dungeon Overview and Level Annotations

Branches:
Dungeon (10/15)            Temple (0/1) D:7            Lair (8/8) D:10
 Shoals (0/4) Lair:4       Spider (0/4) Lair:4        Slime (0/6) Lair:8
    Orc: D:9-12

Altars:
Ashenzari
Dithmenos
Gozag
Kikubaaqudgha
Makhleb
Nemelex Xobeh
Qazlal
Ru
Sif Muna
Vehumet
Xom
Yredelemnul
Zin
The Shining One
Jiyva

Shops:
D:6 !   D:8 %   D:10 :}![

Annotations:
D:6 exclusion: oklob plant
Lair:5 exclusion: 4 oklob plants


Innate Abilities, Weirdness & Mutations

You reflexively headbutt those who attack you in melee.
You have a pair of horns on your head.
You are surrounded by a mild repulsion field (EV +2).


Message History

There is a stone staircase leading up here.
You climb upwards.
Level annotation: exclusion: 4 oklob plants
There is a stone staircase leading down here.
The oklob plant spits acid at you. The splash of acid hits you!
The acid corrodes you!
The acid burns!
The oklob plant spits acid at you. The splash of acid misses you.
The oklob plant spits acid at you. The splash of acid hits you!
The acid burns!
The oklob plant spits acid at you. The splash of acid hits you!
* * * LOW HITPOINT WARNING * * *
The acid corrodes you!
The acid burns!
* * * LOW HITPOINT WARNING * * *
The oklob plant spits acid at you. The splash of acid hits you!
* * * LOW HITPOINT WARNING * * *
The acid corrodes you!
The acid burns!
You die...

......#.....#...#.####
####...
............###..##
#... ......<.#####
#..# ##.. .......##
######'###### #P..
........#
#.≈≈.....≈≈.# #...
.......##
#.≈.......≈!# ###.
........#
#P≈.......≈P# ##
.......##
#.........≈.# ##
.......##
#.≈...@....P# #.
.......P#
#P≈≈.....≈≈.# ##
........#
#####...##### #
....##### #>>># #
.PP## ##### ### [P##
##P# ..P# ##### ###
#... ..####...###
#.#####..
..##.......###
###...#....


You could see 4 oklob plants.

Vanquished Creatures
  3 azure jellies (Lair:8)
  A fire dragon (Lair:6)
  The ghost of kae the Fencer, a powerful MiFi of Makhleb (Lair:2)
  11 hydras
  A catoblepas (Lair:6)
  6 death yaks
  A fire crab (Lair:8)
  A hill giant (D:8)
  3 griffons
  3 elephants (Lair:7)
  A siren (Lair:4)
  A centaur skeleton (D:10)
  13 black mambas
  Psyche (D:8)
  20 spiny frogs
  5 komodo dragons
  A troll (D:9)
  7 giant leeches
  3 jumping spiders (Lair:4)
  4 fire drakes
  2 polar bears
  18 blink frogs
  A two-headed ogre (D:9)
  A wraith (D:10)
  Sigmund (D:4)
  A vampire (D:10)
  3 wyverns
  45 yaks
  Eustachio (D:6)
  The ghost of spinkules the Chopper, an average MiBe of Trog (D:3)
  14 hippogriffs
  6 vampire mosquitoes (Lair:8)
  A wolf (Lair:7)
  2 hungry ghosts
  A basilisk (Lair:5)
  17 porcupines
  21 water moccasins
  A soldier ant (D:10)
  3 sky beasts
  2 black bears
  3 ice beasts
  2 necrophages
  5 ogres
  3 orc warriors
  3 phantoms
  4 centaurs
  16 crocodiles
  2 big kobolds
  26 giant frogs
  4 scorpions
  A water moccasin skeleton (D:10)
  9 wights
  6 electric eels
  2 lava snakes (Lair:6)
  3 hounds
  7 crimson imps
  A centaur zombie (D:9)
  3 jellies
  4 orc priests
  A quasit (D:5)
  3 giant frog skeletons
  A giant frog zombie (D:9)
  Jessica (D:3)
  Natasha (thrice) (D:4 D:5)
  11 iguanas
  6 worker ants
  14 orc wizards
  43 sheep
  A killer bee zombie (D:9)
  A hound zombie (D:9)
  6 gnolls
  37 river rats
  7 adders
  3 shadow imps
  An ooze (D:1)
  4 worms
  2 adder skeletons
  An adder zombie (D:10)
  26 orcs
  A ball python (D:4)
  8 bats
  9 giant cockroaches
  3 goblins
  3 hobgoblins
  11 jackals
  4 kobolds
  5 quokkas
  10 giant geckos
  A giant gecko skeleton (D:4)
  6 giant newts
  A quokka skeleton (D:6)
  6 rats
  A bush (Lair:2)
  17 fungi
  18 plants
609 creatures vanquished.

Vanquished Creatures (others)
  A giant frog (Lair:8)
  31 fungi
  17 plants
49 creatures vanquished.

Grand Total: 658 creatures vanquished

Notes
Turn   | Place    | Note
--------------------------------------------------------------
     0 | D:1      | spinkules the Minotaur Berserker began the quest for the Orb.
     0 | D:1      | Reached XP level 1. HP: 19/19 MP: 0/0
   131 | D:1      | Reached skill level 4 in Fighting
   149 | D:1      | Reached XP level 2. HP: 14/27 MP: 1/1
  1027 | D:2      | Found a stormy altar of Qazlal.
  1085 | D:2      | Found a burning altar of Makhleb.
  1093 | D:2      | Reached skill level 5 in Axes
  1093 | D:2      | Reached XP level 3. HP: 18/33 MP: 2/2
  1344 | D:2      | Reached XP level 4. HP: 38/40 MP: 3/3
  1513 | D:2      | Reached * piety under Trog
  1979 | D:3      | Reached skill level 6 in Axes
  2051 | D:3      | Noticed spinkules's ghost (average MiBe)
  2061 | D:3      | Killed spinkules's ghost
  2061 | D:3      | Reached skill level 7 in Axes
  2061 | D:3      | Reached XP level 5. HP: 33/46 MP: 4/4
  2389 | D:3      | Noticed Jessica
  2391 | D:3      | Killed Jessica
  2391 | D:3      | Reached skill level 8 in Axes
  2391 | D:3      | Reached XP level 6. HP: 52/52 MP: 5/5
  2778 | D:4      | Found a glowing drain.
  2800 | Sewer    | Entered a sewer
  2947 | Sewer    | Reached skill level 9 in Axes
  3043 | Sewer    | Found a white marble altar of Elyvilon.
  3174 | D:4      | Noticed Sigmund
  3186 | D:4      | Killed Sigmund
  3186 | D:4      | Reached skill level 10 in Axes
  3186 | D:4      | Reached XP level 7. HP: 59/59 MP: 6/6
  3328 | D:4      | Noticed Natasha
  3332 | D:4      | Killed Natasha
  4030 | D:5      | Entered Level 5 of the Dungeon
  4048 | D:5      | Reached *** piety under Trog
  4118 | D:5      | Reached skill level 11 in Axes
  4164 | D:5      | Reached XP level 8. HP: 42/66 MP: 7/7
  4283 | D:5      | Noticed Natasha
  4290 | D:5      | Killed Natasha
  4617 | D:5      | Found a shattered altar of Ashenzari.
  4680 | D:5      | Noticed Natasha
  4685 | D:5      | Killed Natasha
  4788 | D:5      | Reached skill level 12 in Axes
  5106 | D:5      | Found a radiant altar of Vehumet.
  5106 | D:5      | Found a burning altar of Makhleb.
  5106 | D:5      | Found a sparkling altar of Nemelex Xobeh.
  5106 | D:5      | Found an ancient bone altar of Kikubaaqudgha.
  5119 | D:5      | Found a basalt altar of Yredelemnul.
  5119 | D:5      | Found an opulent altar of Gozag.
  5294 | D:6      | Reached skill level 13 in Axes
  5477 | D:6      | Found an opulent altar of Gozag.
  5477 | D:6      | Noticed an oklob plant
  5688 | D:6      | Noticed Eustachio
  5700 | D:6      | Killed Eustachio
  5700 | D:6      | Reached XP level 9. HP: 71/71 MP: 8/8
  6014 | D:6      | Found Kewnoo Qopn's Distillery.
  6021 | D:6      | Reached skill level 14 in Axes
  6329 | D:7      | Found a staircase to the Ecumenical Temple.
  6495 | D:7      | Found a shadowy altar of Dithmenos.
  6638 | D:7      | Found a shimmering altar of Xom.
  6749 | D:7      | You fall through a shaft!
  6750 | D:8      | Found a sacrificial altar of Ru.
  6876 | D:7      | Reached skill level 15 in Axes
  7176 | D:8      | Found Imey's Food Emporium.
  7177 | D:8      | Noticed Psyche
  7181 | D:8      | Paralysed by Psyche for 6 turns
  7194 | D:8      | Killed Psyche
  7194 | D:8      | Reached skill level 1 in Throwing
  7447 | D:8      | Found a deep blue altar of Sif Muna.
  7695 | D:8      | Noticed a hill giant
  7701 | D:8      | Killed a hill giant
  7701 | D:8      | Reached skill level 16 in Axes
  7701 | D:8      | Reached XP level 10. HP: 77/77 MP: 9/9
  8443 | D:9      | Reached skill level 17 in Axes
  8542 | D:9      | Found a glowing silver altar of Zin.
  8906 | D:9      | Found a glowing golden altar of the Shining One.
  8938 | D:9      | Found a sparkling altar of Nemelex Xobeh.
  9026 | D:10     | Entered Level 10 of the Dungeon
  9054 | D:10     | Found Ucixod's Distillery.
  9057 | D:10     | Bought a potion of curing for 36 gold pieces
  9144 | D:10     | Received a gift from Trog
  9144 | D:10     | Reached skill level 18 in Axes
  9151 | D:10     | Found Issesk's Antique Armour Shop.
  9288 | D:10     | Found a staircase to the Lair.
  9543 | D:10     | Reached XP level 11. HP: 42/83 MP: 10/10
  9891 | D:10     | Found Zuczicle's Gadget Shoppe.
  9898 | D:10     | Reached skill level 5 in Armour
  9933 | D:10     | Found Ussoh's Book Emporium.
 10099 | Lair:1   | Entered Level 1 of the Lair of Beasts
 11498 | Lair:2   | Reached skill level 10 in Armour
 11504 | Lair:2   | Received a gift from Trog
 11672 | Lair:2   | Reached skill level 5 in Fighting
 11846 | Lair:2   | Reached skill level 19 in Axes
 12107 | Lair:2   | Noticed kae's ghost (powerful MiFi)
 12133 | Lair:2   | Killed kae's ghost
 12133 | Lair:2   | Reached XP level 12. HP: 45/96 MP: 11/11
 13471 | Lair:3   | Gained mutation: You are surrounded by a mild repulsion field (EV +2). [potion of beneficial mutation]
 13990 | Lair:3   | Upgraded the game from 0.17-a0-1714-g35622ae to 0.17-a0-2220-g6fea741
 14429 | Lair:4   | Found a staircase to the Shoals.
 14518 | Lair:4   | Found a hole to the Spider Nest.
 14534 | Lair:4   | Reached skill level 20 in Axes
 14870 | Lair:4   | Noticed a six-headed hydra
 14879 | Lair:4   | Killed a nine-headed hydra
 15148 | Lair:5   | Found a dark tunnel.
 15189 | Lair:5   | Noticed a four-headed hydra
 15197 | Lair:5   | Killed a seven-headed hydra
 15548 | Lair:5   | Noticed a five-headed hydra
 15557 | Lair:5   | Killed a seven-headed hydra
 15557 | Lair:5   | Reached skill level 21 in Axes
 16107 | Lair:6   | Noticed a six-headed hydra
 16117 | Lair:6   | Noticed a five-headed hydra
 16117 | Lair:6   | Killed a 12-headed hydra
 16270 | Lair:6   | Killed a nine-headed hydra
 16270 | Lair:6   | Reached XP level 13. HP: 106/106 MP: 12/12
 16285 | Lair:6   | Noticed a catoblepas
 16295 | Lair:6   | Killed a catoblepas
 16913 | Lair:6   | Got a translucent war axe
 16914 | Lair:6   | Identified the +8 war axe "Dragonbane" {drain, Int+4 Dex-2} (You found it on level 6 of the Lair of Beasts)
 16989 | Lair:6   | Received a gift from Trog
 17285 | Lair:6   | Noticed a fire dragon
 17303 | Lair:6   | Killed a fire dragon
 17443 | Lair:7   | Noticed an eight-headed hydra
 17451 | Lair:7   | Killed a 12-headed hydra
 17574 | Lair:7   | Reached skill level 22 in Axes
 17636 | Lair:7   | Received a gift from Trog
 17963 | Lair:7   | Noticed a six-headed hydra
 17968 | Lair:7   | Killed a ten-headed hydra
 18053 | Lair:7   | Received a gift from Trog
 18446 | Lair:8   | Entered Level 8 of the Lair of Beasts
 19061 | Lair:8   | Reached skill level 23 in Axes
 19572 | Lair:7   | Received a gift from Trog
 20216 | Lair:8   | Reached XP level 14. HP: 70/113 MP: 13/13
 21102 | Lair:8   | Identified a scroll of acquirement
 21103 | Lair:8   | Got a dazzling chain mail
 21128 | Lair:8   | Upgraded the game from 0.17-a0-2220-g6fea741 to 0.18-a0-1-gfac8111
 21214 | Lair:8   | Received a gift from Trog
 21275 | Lair:8   | Found a runed door.
 21276 | Lair:8   | Found a viscous altar of Jiyva.
 21276 | Lair:8   | Found a staircase to the Slime Pits.
 21276 | Lair:8   | Noticed an azure jelly
 21276 | Lair:8   | Noticed an azure jelly
 21277 | Lair:8   | Noticed an azure jelly
 21422 | Lair:8   | Killed an azure jelly
 21424 | Lair:8   | Killed an azure jelly
 21429 | Lair:8   | Killed an azure jelly
 22288 | Lair:8   | Got a transparent glass ring
 22337 | Lair:8   | Reached skill level 24 in Axes
 24286 | Lair:5   | Splashed by an oklob plant's acid

Vault maps used:
D:1:      lightli_arrival_isolated_outpost, minmay_misc_feat_columns
D:2:      old_standard_altar, makhleb_blood_cavern_becter
D:3:      first_bread, kennysheep_generic_room_14, uniq_jessica
D:4:      gup_sewer_entry_pipe, kennysheep_cross_bottleneck, uniq_natasha,
          uniq_sigmund
D:5:      kennysheep_little_box, minmay_overflow_temple_hex
D:6:      serial_shops, nicolae_shop_trees, lemuel_oklob_altar, uniq_eustachio
D:7:      lemuel_crystal_altar, minmay_temple_entry_statues_fountains,
          basic_altar
D:8:      nicolae_overflow_crystal_walls, lemuel_crystal_altar, serial_shops,
          nicolae_shop_crystal, uniq_psyche
D:9:      minmay_flawed_box, nicolae_tso_carved_into_rock, kennysheep_mini_moat,
          basic_altar, blue_anna_alchemist, kennysheep_pointless_box
D:10:     david_lair_shrubbed, serial_shops, kennysheep_mini,
          nicolae_shop_trees, shop_statue, nicolae_shop_trees, st_stairs_12
Lair:1:   minivault_25, cheibrodos_lair_reptile_den, lemuel_fruit_tree
Lair:2:   serial_forest, infiniplex_forest_clump_long,
          infiniplex_forest_lined_room_, infiniplex_forest_lined_room_2,
          infiniplex_forest_lined_room_, infiniplex_forest_end_1,
          infiniplex_forest_lined_3, grunt_megastairs_3
Lair:4:   minmay_shoals_entry_lonely_mermaid, spider_nest_entry_funnel_web
Lair:5:   dpeg_oklob_gauntlet, lightli_volcano_entry_magma_tube,
          serial_bayou_pond_d
Lair:6:   dragon1_lemuel, lemuel_another_geyser
Lair:8:   minmay_lair_end_frog_pond, slime_altar_2, infiniplex_staircase_pool_2
Sewer:    sewer_kobolds

Action                   |  1- 3 |  4- 6 |  7- 9 | 10-12 | 13-15 || total
-------------------------+-------+-------+-------+-------+-------++-------
Melee: Hand axe          |    47 |   144 |   362 |    60 |       ||   613
       Battleaxe         |       |       |       |   551 |    59 ||   610
       War axe           |       |       |       |       |   492 ||   492
       Executioner's axe |       |       |       |       |    32 ||    32
Throw: Throwing net      |       |       |     1 |       |       ||     1
Invok: Berserk           |     1 |     3 |     6 |    11 |     8 ||    29
       Brothers in Arms  |       |       |       |     1 |       ||     1
       Burn Spellbooks   |       |       |       |     1 |       ||     1
       Trog's Hand       |       |       |       |     1 |       ||     1
  Use: Scroll            |       |     6 |       |    13 |    10 ||    29
       Potion            |       |       |       |     1 |       ||     1
 Stab: Sleeping          |     1 |       |       |       |       ||     1
  Eat: Chunk             |     2 |     8 |    20 |    44 |    33 ||   107
       Fruit             |       |       |     4 |     4 |       ||     8
       Pizza             |       |       |       |     1 |       ||     1
